[Event "Titled Tuesday Blitz June 13 Late 2023"]
[White "Kucuksari, Kaan"]
[Black "Koutlas, Nikolaos"]
[WhiteFideId "6380166"]
[BlackFideId "25827138"]
[WhiteElo "2364"]
[BlackElo "2215"]
[Result "1-0"]
[Round "3"]
[TimeControl "180+2"]
[Date "2023.06.13"]
[WhiteClock "0:00:12"]
[BlackClock "0:00:02"]
[Board "79"]

1. e4 c5 2. Nf3 Nc6 3. Bb5 g6 4. Bxc6 bxc6 5. O-O Bg7 6. c3 d6 7. d4 cxd4 8. cxd4 Nf6 9. Nc3 O-O 10. h3 Rb8 11. Re1 d5 12. e5 Ne4 13. Nxe4 dxe4 14. Rxe4 Bf5 15. Re2 c5 16. d5 c4 17. Bf4 Bd3 18. e6 Bxe2 19. Qxe2 Rxb2 20. Qxc4 fxe6 21. Rd1 Qa5 22. d6 Rb4 23. Qxe6+ Kh8 24. dxe7 Rbxf4 25. exf8=Q+ Rxf8 26. Rd7 Qa3 27. Kh2 Qb2 28. Qe7 h6 29. Nd4 Qb8+ 30. Rc7 Rg8 31. f4 Qb2 32. Ne6 Qd2 33. Rc8 Bb2 34. Rxg8+ Kxg8 35. Qf8+ Kh7 36. Qf7+ Kh8 37. Qxg6 Qf2 38. Qxh6+ Kg8 39. Qg6+ Kh8 40. Qg5 Bc1 41. Qg7# 1-0


[Site "https://www.chess.com"]

[Event "Titled Tuesday Blitz June 13 Late 2023"]
[White "Katz, Alexander"]
[Black "Rottenwohrer Suarez, Juan"]
[WhiteFideId "2039796"]
[BlackFideId "32068182"]
[WhiteElo "2389"]
[BlackElo "2174"]
[Result "1-0"]
[Round "3"]
[TimeControl "180+2"]
[Date "2023.06.13"]
[WhiteClock "0:00:48"]
[BlackClock "0:00:01"]
[Board "80"]

1. e4 c5 2. Nf3 g6 3. c3 d5 4. e5 Nc6 5. d4 cxd4 6. cxd4 Bg4 7. Bb5 Qb6 8. Nc3 e6 9. Bg5 Bxf3 10. Qxf3 Qxd4 11. O-O Qxe5 12. Bf4 Qf5 13. g4 Qf6 14. Rfe1 Ne7 15. Qg3 O-O-O 16. Rac1 g5 17. Be5 Qg6 18. Bxh8 h5 19. Bxc6 Nxc6 20. Nb5 a6 21. Qc7# 1-0


[Site "https://www.chess.com"]

[Event "Titled Tuesday Blitz June 13 Late 2023"]
[White "Kleiman, Jake"]
[Black "Santos Flores, Alberto"]
[WhiteFideId "2020041"]
[BlackFideId "3601234"]
[WhiteElo "2653"]
[BlackElo "2235"]
[Result "0-1"]
[Round "3"]
[TimeControl "180+2"]
[Date "2023.06.13"]
[WhiteClock "0:00:20"]
[BlackClock "0:00:12"]
[Board "81"]

1. Nf3 d5 2. g3 Nf6 3. Bg2 e6 4. O-O Be7 5. d3 c5 6. Nbd2 Nc6 7. e4 O-O 8. e5 Nd7 9. Re1 b5 10. Nf1 a5 11. h4 b4 12. Bf4 a4 13. a3 bxa3 14. bxa3 Ba6 15. h5 Rc8 16. h6 g6 17. N1h2 Nd4 18. Ng4 Qa5 19. Nxd4 cxd4 20. Re2 Rc6 21. Nh2 Rfc8 22. Nf3 Qb6 23. Bg5 Bf8 24. Nh2 Qb2 25. c4 dxc3 26. Rxb2 cxb2 27. Rb1 Bxa3 28. Qxa4 Bxd3 29. Rxb2 Bxb2 30. Qb3 Rc1+ 31. Nf1 Bxf1 32. Bxf1 Bxe5 33. Kg2 Nc5 34. Qb5 Rc2 35. Qa5 Ne4 36. Be3 Bf6 37. Bd3 R2c3 38. Bxe4 dxe4 39. Qa6 R3c4 40. Qb7 R4c6 41. Qd7 Be5 42. Bg5 Rc2 43. Kh3 Bh8 44. Be3 R2c4 45. Qb7 Bf6 46. g4 Bh8 47. g5 Be5 48. Kg2 Bh8 49. Qb5 R4c6 50. Qa4 Rc4 51. Qa5 Bc3 52. Qa6 Be5 53. Qb7 Bc3 54. Kf1 Be5 55. Qb5 Bc3 56. Ke2 Bh8 57. Bf4 Bc3 58. Kf1 Bh8 59. Kg2 Bc3 60. Be5 R4c5 61. Qb3 Bxe5 62. Qe3 Bh8 63. Kg3 Be5+ 64. Kg4 Rc4 65. Qe2 Bh8 66. Kg3 Be5+ 67. Kg4 e3+ 68. Kh3 exf2 69. Qxf2 Rf4 70. Qe2 Rc3+ 71. Kg2 Rf5 72. Qb5 Rxg5+ 73. Kf1 Rf5+ 74. Ke2 Rc8 75. Qd7 Rf8 76. Qe7 Bh8 77. Qh4 Rh5 78. Qf4 Rf5 79. Qh4 Rh5 80. Qf4 e5 81. Qe3 Rf5 82. Qd2 Re8 83. Qe3 e4 84. Qa3 e3 85. Qa4 Rf8 86. Qb4 Rh5 87. Kxe3 Rxh6 88. Qf4 Rh5 89. Qg4 Bg7 90. Qc4 Bh6+ 91. Kf3 Rf5+ 92. Kg4 Re8 93. Kg3 Rfe5 94. Kg2 Re4 95. Kf3 Rxc4 0-1


[Site "https://www.chess.com"]

[Event "Titled Tuesday Blitz June 13 Late 2023"]
[White "Goryachkina, Aleksandra"]
[Black "Krishnakumar, Sriram"]
[WhiteFideId "4147103"]
[BlackFideId "30915856"]
[WhiteElo "2471"]
[BlackElo "2486"]
[Result "1-0"]
[Round "3"]
[TimeControl "180+2"]
[Date "2023.06.13"]
[WhiteClock "0:00:08"]
[BlackClock "0:00:12"]
[Board "82"]

1. e4 e5 2. Nf3 Nc6 3. Bc4 Bc5 4. c3 Nf6 5. d3 d6 6. h3 a5 7. Nbd2 h6 8. Nf1 Be6 9. Bb5 Qe7 10. Ng3 g6 11. O-O Bd7 12. d4 Bb6 13. a4 Nb8 14. Bd3 Nc6 15. Bc2 O-O-O 16. d5 Nb8 17. b4 g5 18. Nd2 g4 19. h4 h5 20. Nc4 Ba7 21. Be3 Bxe3 22. Nxe3 Ne8 23. Nef5 Bxf5 24. Nxf5 Qf8 25. bxa5 Ng7 26. Bd3 Nxf5 27. exf5 Qe7 28. g3 Kd7 29. Rb1 Na6 30. Rxb7 Nc5 31. Rb1 Ke8 32. a6 f6 33. Bb5+ Kf7 34. Bc6 Ra8 35. Bxa8 Rxa8 36. Qe2 Rxa6 37. Ra1 Qd8 38. Rfb1 Qa8 39. Qc4 Ra5 40. Rb5 Ra7 41. a5 Ra6 42. Rxc5 dxc5 43. d6+ Kg7 44. dxc7 Rc6 45. a6 Rxc7 46. Qb5 Ra7 47. Qb6 c4 48. Qb5 Qc8 49. Qa5 Qc6 50. Ra4 Rd7 51. Ra1 Ra7 52. Qa4 Qxa4 53. Rxa4 Kf7 54. Kf1 Ke7 55. Ke2 Kd6 56. Rxc4 Rxa6 57. Rb4 Ra2+ 58. Ke3 Ra3 59. Rc4 Ra2 60. Rc8 Ra3 61. Kd3 Ra2 62. Ke3 Ra3 63. f3 gxf3 64. Kxf3 Kd5 65. g4 hxg4+ 66. Kxg4 e4 67. h5 e3 68. Kf3 Ra7 69. Kxe3 Rh7 70. Rf8 Ke5 71. Rc8 Rxh5 72. Rc5+ Kd6 73. Ra5 Rh3+ 74. Kd4 Rh4+ 75. Kd3 Rf4 76. c4 Rh4 77. Kc3 Kc6 78. Kb4 Kc7 79. Ra6 Rh6 80. c5 Rh4+ 81. Kb5 Rh6 82. Ra7+ Kd8 83. Rf7 Rh1 84. Rxf6 Rb1+ 85. Kc6 Rd1 86. Rd6+ Rxd6+ 87. Kxd6 Ke8 88. c6 Kd8 89. f6 Kc8 90. f7 Kb8 91. f8=Q+ Ka7 92. Qe7+ Kb6 93. Qb7+ 1-0


[Site "https://www.chess.com"]

[Event "Titled Tuesday Blitz June 13 Late 2023"]
[White "Uzcategui Rodriguez, Alejandro"]
[Black "Sieciechowicz, Marcin"]
[WhiteFideId "3903400"]
[BlackFideId "1130170"]
[WhiteElo "2252"]
[BlackElo "2301"]
[Result "0-1"]
[Round "3"]
[TimeControl "180+2"]
[Date "2023.06.13"]
[WhiteClock "0:00:15"]
[BlackClock "0:00:12"]
[Board "83"]

1. d4 Nf6 2. Nf3 g6 3. Bg5 Bg7 4. Nbd2 d5 5. e3 O-O 6. Be2 c5 7. c3 b6 8. O-O Bb7 9. a3 Nc6 10. b4 c4 11. h3 h6 12. Bf4 b5 13. a4 a6 14. Bh2 Nd7 15. e4 dxe4 16. Nxe4 Nxd4 17. Nxd4 Bxe4 18. axb5 axb5 19. Nxb5 Rxa1 20. Qxa1 Qb6 21. Bxc4 Bxg2 22. Rd1 Bxh3 23. Nd4 e5 24. Nf3 Qc6 25. Bd5 Qf6 26. Be4 Bg4 27. Kg2 Nb6 28. Qa6 Rc8 29. Bxe5 Bxf3+ 30. Bxf3 Qxe5 31. Qxb6 Rxc3 32. Qd6 Rb3 33. Qxe5 Bxe5 34. Rd8+ Kg7 35. Rd5 Bc7 36. b5 Rb2 37. Rd7 Bb6 38. Bc6 Rxf2+ 39. Kg3 Rf6 40. Rb7 Bf2+ 41. Kg2 h5 42. Rd7 Bb6 43. Rb7 Bc5 44. Rd7 g5 45. Rd5 Be3 46. Rd3 Bf4 47. Rb3 g4 48. Bd7 Bc7 49. Rc3 Bb6 50. Rc6 Rxc6 51. bxc6 Kf6 52. Be8 Ke6 53. Bd7+ Ke5 54. Kg3 Bc7 55. Kh4 Kf4 56. Kxh5 g3 57. Bh3 f5 58. Kg6 Ke5 59. Kg5 f4 60. Kg4 Ke4 61. Bg2+ Ke3 62. Bf3 Kf2 63. Bd5 g2 64. Bxg2 Kxg2 65. Kf5 f3 66. Ke6 f2 67. Kd7 Bg3 68. c7 Bxc7 69. Kxc7 f1=Q 70. Kd6 Qc1 71. Kd7 Kf3 72. Kd6 Ke4 73. Ke6 Qc6+ 74. Kf7 Kf5 75. Kg7 Qc7+ 76. Kh6 Qa7 77. Kh5 Qh7# 0-1


[Site "https://www.chess.com"]

[Event "Titled Tuesday Blitz June 13 Late 2023"]
[White "Annaberdiyev, Meylis"]
[Black "Yurasova, Daria"]
[WhiteFideId "14000563"]
[BlackFideId "34146919"]
[WhiteElo "2416"]
[BlackElo "2109"]
[Result "1-0"]
[Round "3"]
[TimeControl "180+2"]
[Date "2023.06.13"]
[WhiteClock "0:00:28"]
[BlackClock "0:00:05"]
[Board "84"]

1. e4 e5 2. Nf3 Nc6 3. Bc4 Bc5 4. c3 Nf6 5. d4 exd4 6. e5 d5 7. Bb5 Ne4 8. cxd4 Bb6 9. Nc3 O-O 10. Be3 Bg4 11. h3 Bh5 12. Qc2 Bg6 13. Qb3 Ne7 14. O-O c6 15. Bd3 Nd2 16. Nxd2 Bxd3 17. Rfe1 Nf5 18. Nxd5 Qxd5 19. Qxd3 Nxd4 20. Kh1 Rfd8 21. Nc4 Qb5 22. Qc3 Ne6 23. Nd6 Qa6 24. f4 Bxe3 25. Qxe3 Qb6 26. Qg3 Qd4 27. f5 Qf4 28. Qxf4 Nxf4 29. Rad1 Nd5 30. Nxb7 Rdb8 31. Na5 Rxb2 32. Nxc6 Nf4 33. e6 fxe6 34. fxe6 Re8 35. e7 Re2 36. Rf1 Nxg2 37. Rd8 Rxe7 38. Nxe7+ 1-0


[Site "https://www.chess.com"]

[Event "Titled Tuesday Blitz June 13 Late 2023"]
[White "Mika, Tomasz"]
[Black "Jeet, Jain"]
[WhiteFideId "1132970"]
[BlackFideId "5073022"]
[WhiteElo "2186"]
[BlackElo "2067"]
[Result "1-0"]
[Round "3"]
[TimeControl "180+2"]
[Date "2023.06.13"]
[WhiteClock "0:00:05"]
[BlackClock "0:00:26"]
[Board "85"]

1. d4 c5 2. d5 d6 3. Nf3 Nf6 4. Nc3 e5 5. e4 Be7 6. h3 O-O 7. Be2 g6 8. Be3 Ne8 9. g4 Ng7 10. Qd2 a6 11. a4 b6 12. O-O-O b5 13. Rdg1 Qa5 14. h4 bxa4 15. Nb1 Qxd2+ 16. Nfxd2 Nd7 17. h5 Nb6 18. Rh2 g5 19. h6 Ne8 20. Na3 Rb8 21. Nf1 f6 22. Ng3 Nc7 23. Nf5 Rf7 24. Rh5 Bf8 25. Bd2 Bd7 26. Ba5 Nb5 27. Bxb6 Rxb6 28. Nc4 Rb8 29. Kd2 Bxf5 30. gxf5 Nd4 31. Ra1 Rfb7 32. Bd3 Rb4 33. Ra2 Kf7 34. c3 Nb3+ 35. Kc2 R4b7 36. Rxa4 a5 37. Rh1 Be7 38. Ra3 a4 39. Rxa4 Ke8 40. Ra6 Kd7 41. Ra2 Bd8 42. Rb1 Bc7 43. Na3 Na5 44. Nc4 Nxc4 45. Bxc4 Bd8 46. b3 Be7 47. Rba1 Bf8 48. Rh1 Ke8 49. Ra4 Kf7 50. Ra6 Ke8 51. Rc6 Ra7 52. Ra6 Rxa6 53. Bxa6 Ra8 54. Bb5+ Kd8 55. Kb2 Kc7 56. Bc6 Ra5 57. Ra1 Rxa1 58. Kxa1 Bxh6 59. Be8 Bf8 60. f3 Be7 61. Kb2 Kb6 62. Kc2 Bd8 63. Kd3 h6 64. Kc4 Bc7 65. Bh5 Bb8 66. Bg6 Ka6 67. Bh5 Bc7 68. Bg6 Ba5 69. Bh5 Bc7 70. Bg6 Kb7 71. Bh5 Kc8 72. Kb5 Kd7 73. Bg4 Bd8 74. Bh5 Be7 75. Bg4 Ke8 76. Bh5+ Kd7 77. Kc4 Bd8 78. Bg4 Ke7 79. Bh5 Kf8 80. Kb5 Ke7 81. Kc4 Ba5 82. b4 cxb4 83. cxb4 Bb6 84. Kb5 Be3 85. Kc6 Kd8 86. Kxd6 Bd2 87. b5 Bb4+ 88. Kc6 g4 89. fxg4 Bd2 90. b6 Kc8 91. d6 Bb4 92. b7+ Kb8 93. Bg6 Ba5 94. Bh5 Bb4 95. Bg6 Ba5 96. Bf7 Bb4 97. Bd5 Ba5 98. d7 Bd8 99. Kd6 h5 100. gxh5 Bb6 101. Ke6 Bd8 102. h6 Kc7 103. h7 Kb6 104. h8=Q Kc5 105. Qxd8 1-0


[Site "https://www.chess.com"]

[Event "Titled Tuesday Blitz June 13 Late 2023"]
[White "Rios Escobar, Adan"]
[Black "Vlassov, Nikolai"]
[WhiteFideId "3403645"]
[BlackFideId "4103360"]
[WhiteElo "2477"]
[BlackElo "2324"]
[Result "1-0"]
[Round "3"]
[TimeControl "180+2"]
[Date "2023.06.13"]
[WhiteClock "0:00:08"]
[BlackClock "0:00:12"]
[Board "86"]

1. d4 Nf6 2. g3 e5 3. dxe5 Ng4 4. e4 d6 5. f4 dxe5 6. Qxd8+ Kxd8 7. h3 Nf6 8. Nc3 Bb4 9. Bd2 Nbd7 10. Bg2 Re8 11. O-O-O c6 12. a3 Bd6 13. Nf3 Kc7 14. Rhe1 Nh5 15. Ng5 f6 16. Nf7 Bc5 17. fxe5 Bf2 18. g4 Bxe1 19. Rxe1 Re7 20. e6 Rxe6 21. gxh5 Nc5 22. Bf4+ Kb6 23. b4 Na6 24. Bf1 Bd7 25. Na4# 1-0


[Site "https://www.chess.com"]

[Event "Titled Tuesday Blitz June 13 Late 2023"]
[White "Ehlvest, Jaan"]
[Black "Kokoszczynski, Jan"]
[WhiteFideId "4500016"]
[BlackFideId "1174460"]
[WhiteElo "2442"]
[BlackElo "2139"]
[Result "0-1"]
[Round "3"]
[TimeControl "180+2"]
[Date "2023.06.13"]
[WhiteClock "0:00:00"]
[BlackClock "0:00:07"]
[Board "87"]

1. e4 e5 2. Nf3 Nc6 3. Nc3 Nf6 4. Bb5 Nd4 5. O-O Nxb5 6. Nxb5 c6 7. Nc3 d6 8. d4 Qc7 9. Bg5 Be7 10. h3 O-O 11. Bxf6 Bxf6 12. d5 c5 13. a4 a6 14. Qd3 Bd7 15. a5 g6 16. Nd2 Bg7 17. Nc4 Bb5 18. Nxb5 axb5 19. Nb6 Ra6 20. Qxb5 f5 21. c3 fxe4 22. Qe2 Bh6 23. Qxe4 Rf4 24. Qe2 Qf7 25. g3 Rf3 26. Kg2 Rf5 27. b4 cxb4 28. cxb4 Bg5 29. h4 Bd8 30. Nc4 Qxd5+ 31. f3 Rc6 32. Ne3 Qb3 33. Rac1 Rf7 34. b5 Rxc1 35. Rxc1 Bxa5 36. h5 Bb6 37. Rc8+ Kg7 38. Nc4 Bc5 39. Nxe5 Qe6 40. h6+ Kf6 41. Ng4+ Kf5 42. Qd3+ Kg5 43. Kh3 Qxc8 44. Qd2+ Kh5 45. Qd5+ Qf5 46. Qa2 Qxf3 0-1


[Site "https://www.chess.com"]

[Event "Titled Tuesday Blitz June 13 Late 2023"]
[White "Baches Garcia, Guillermo"]
[Black "Korchmar, Vasiliy"]
[WhiteFideId "2209764"]
[BlackFideId "24131750"]
[WhiteElo "2477"]
[BlackElo "2370"]
[Result "1/2-1/2"]
[Round "3"]
[TimeControl "180+2"]
[Date "2023.06.13"]
[WhiteClock "0:00:12"]
[BlackClock "0:00:07"]
[Board "88"]

1. e4 c5 2. Nf3 d6 3. d4 cxd4 4. Nxd4 Nf6 5. Nc3 Nc6 6. Nd5 Nxd5 7. exd5 Qa5+ 8. Bd2 Qxd5 9. Nb5 Qe6+ 10. Be2 Qd7 11. c4 e6 12. O-O Be7 13. f4 O-O 14. Be3 b6 15. Qb3 Bb7 16. Rad1 Rfd8 17. Bf3 Rac8 18. Qa4 Na5 19. b3 Bxf3 20. Rxf3 d5 21. f5 Qb7 22. fxe6 fxe6 23. cxd5 Rxd5 24. Rxd5 Qxd5 25. Nxa7 Rd8 26. Nb5 Bc5 27. Nc3 Bxe3+ 28. Rxe3 Qd2 29. Qe4 Qc1+ 30. Re1 Qh6 31. Qxe6+ Qxe6 32. Rxe6 Rd3 33. Na4 b5 34. Re5 Rd1+ 35. Kf2 Rd2+ 36. Kg3 Rxa2 37. Rxb5 Nxb3 38. Rxb3 Rxa4 39. Rb8+ Kf7 40. Rb7+ Kg6 41. Rb6+ Kh5 42. Rb5+ g5 43. h3 Ra3+ 44. Kh2 h6 45. Rb4 Kg6 46. Rb6+ Kh5 47. Rb4 Kg6 48. Rb6+ Kg7 49. Rb7+ Kh8 50. Rb8+ Kh7 51. Rb7+ Kg6 52. Rb6+ 1/2-1/2


[Site "https://www.chess.com"]

[Event "Titled Tuesday Blitz June 13 Late 2023"]
[White "Gomez Ledo, Roberto Carlos"]
[Black "Zaitsev, Alexander"]
[WhiteFideId "3507076"]
[BlackFideId "4164490"]
[WhiteElo "2378"]
[BlackElo "2373"]
[Result "1-0"]
[Round "3"]
[TimeControl "180+2"]
[Date "2023.06.13"]
[WhiteClock "0:00:22"]
[BlackClock "0:00:00"]
[Board "89"]

1. d4 Nf6 2. Bf4 d5 3. e3 e6 4. Nd2 Bd6 5. Bg3 O-O 6. Bd3 c5 7. c3 b6 8. e4 Be7 9. e5 Nfd7 10. Qh5 f5 11. exf6 Nxf6 12. Qe2 Nc6 13. Ngf3 cxd4 14. Nxd4 Nxd4 15. cxd4 Qe8 16. O-O Nh5 17. Nf3 Nf4 18. Qe3 Nxd3 19. Qxd3 Bd7 20. Rfe1 Rc8 21. a3 Qh5 22. Ne5 Ba4 23. Qa6 Bc2 24. Qxa7 Bf6 25. Qxb6 Be4 26. Qxe6+ Kh8 27. Rac1 Rxc1 28. Rxc1 h6 29. f3 Bh7 30. Qxd5 Qg5 31. Re1 Bg8 32. Qe4 Bh7 33. Qg4 Qd2 34. b4 Kg8 35. Qe6+ Kh8 36. Nf7+ Rxf7 37. Qxf7 Bxd4+ 38. Kh1 Be5 39. Rxe5 1-0


[Site "https://www.chess.com"]

[Event "Titled Tuesday Blitz June 13 Late 2023"]
[White "Jonkman, Harmen"]
[Black "Spata, German"]
[WhiteFideId "1002708"]
[BlackFideId "113026"]
[WhiteElo "2368"]
[BlackElo "2260"]
[Result "0-1"]
[Round "3"]
[TimeControl "180+2"]
[Date "2023.06.13"]
[WhiteClock "0:00:00"]
[BlackClock "0:00:16"]
[Board "90"]

1. d4 e6 2. Nf3 Nf6 3. Bf4 b6 4. h3 Bb7 5. e3 Be7 6. Bd3 O-O 7. O-O d5 8. c4 c5 9. Nc3 cxd4 10. Nxd4 Nc6 11. Nxc6 Bxc6 12. Qe2 d4 13. exd4 Qxd4 14. Bg3 Rfd8 15. Rad1 Qc5 16. Rfe1 Qg5 17. a3 Bc5 18. Kh2 Bd6 19. Qe3 Qxe3 20. Rxe3 Bxg3+ 21. Rxg3 Rd7 22. Bc2 Rxd1 23. Nxd1 Kf8 24. Kg1 Rc8 25. Kf1 Be4 26. Rc3 Ke7 27. Ne3 Bxc2 28. Rxc2 Ne4 29. b4 f6 30. Ke2 Nd6 31. g4 g5 32. Kd3 Nf7 33. Ke4 h6 34. f4 gxf4 35. Kxf4 Ne5 36. Ke4 Nf7 37. c5 Ng5+ 38. Kf4 bxc5 39. Rxc5 Nxh3+ 0-1


[Site "https://www.chess.com"]

[Event "Titled Tuesday Blitz June 13 Late 2023"]
[White "ArtemDyachuk"]
[Black "krucki03"]
[WhiteElo "2628"]
[BlackElo "2471"]
[Result "1-0"]
[Round "3"]
[TimeControl "180+2"]
[Date "2023.06.13"]
[WhiteClock "0:00:45"]
[BlackClock "0:00:14"]
[Board "91"]

1. e4 c5 2. Nf3 d6 3. d4 cxd4 4. Nxd4 Nf6 5. Nc3 g6 6. Be3 Bg7 7. f3 O-O 8. Qd2 Nc6 9. O-O-O d5 10. Nxc6 bxc6 11. Bh6 Bxh6 12. Qxh6 Re8 13. h4 Rb8 14. h5 Qd6 15. hxg6 fxg6 16. exd5 cxd5 17. Nxd5 Nh5 18. Rxh5 gxh5 19. Qxd6 exd6 20. Nf6+ Kf7 21. Nxe8 Kxe8 22. Rxd6 Bf5 23. Bd3 Bxd3 24. Rxd3 Rb5 25. c4 Rg5 26. Rd5 Rxg2 27. Rxh5 Rg7 28. Kd2 Rf7 29. Ke3 Kd7 30. f4 Kc6 31. b4 Re7+ 32. Re5 Rxe5+ 33. fxe5 Kd7 34. c5 Ke6 35. c6 Ke7 36. Kf4 Kd8 37. e6 a6 1-0


[Site "https://www.chess.com"]

[Event "Titled Tuesday Blitz June 13 Late 2023"]
[White "SergioMoralesG"]
[Black "Adewumi, Tanitoluwa"]
[BlackFideId "30966396"]
[WhiteElo "2469"]
[BlackElo "2627"]
[Result "0-1"]
[Round "3"]
[TimeControl "180+2"]
[Date "2023.06.13"]
[WhiteClock "0:00:00"]
[BlackClock "0:00:03"]
[Board "92"]

1. e4 c5 2. Nf3 e6 3. c3 Nf6 4. Bd3 Nc6 5. O-O d5 6. e5 Nd7 7. Re1 g6 8. Bb5 a6 9. Bxc6 bxc6 10. d3 Bg7 11. Bf4 Rb8 12. b3 O-O 13. Nbd2 a5 14. a4 Ba6 15. c4 Rc8 16. h4 f6 17. Qe2 fxe5 18. Bxe5 Nxe5 19. Nxe5 Qxh4 20. Ndf3 Qh5 21. Rad1 Rf4 22. Qe3 Rff8 23. Qxc5 Bb7 24. Qe3 c5 25. Nd7 Rfe8 26. Qf4 d4 27. Nfe5 Qf5 28. Qxf5 exf5 29. f4 Bh6 30. Nf6+ Kg7 31. Nxe8+ Rxe8 32. g3 g5 33. fxg5 Bxg5 34. Nd7 Be3+ 35. Kf1 Bf3 36. Nxc5 Re5 37. Nd7 Re6 38. c5 Rh6 39. Rxe3 dxe3 0-1


[Site "https://www.chess.com"]

[Event "Titled Tuesday Blitz June 13 Late 2023"]
[White "Erzhanov, Arman"]
[Black "Rostomyan, Mikayel"]
[WhiteFideId "4138821"]
[BlackFideId "13313754"]
[WhiteElo "2138"]
[BlackElo "2061"]
[Result "1-0"]
[Round "3"]
[TimeControl "180+2"]
[Date "2023.06.13"]
[WhiteClock "0:00:08"]
[BlackClock "0:00:00"]
[Board "93"]

1. e4 c5 2. Nf3 Nc6 3. Bb5 g6 4. O-O Bg7 5. c3 Nf6 6. Qa4 O-O 7. d4 cxd4 8. cxd4 a6 9. Nc3 axb5 10. Qxa8 b4 11. e5 bxc3 12. exf6 cxb2 13. Bxb2 Bxf6 14. Ne5 Qb6 15. Nxc6 bxc6 16. Qa3 Ba6 17. Rfd1 Bc4 18. Bc3 Bd5 19. Rab1 Qc7 20. Rb2 Qf4 21. Be1 Bxg2 22. Qg3 Qxg3 23. hxg3 Bd5 24. Bb4 Ra8 25. a3 d6 26. Rc1 Bxd4 27. Rd2 c5 28. Bc3 e5 29. Bxd4 exd4 30. Ra1 Ra4 31. Kf1 h5 32. Ke2 Kg7 33. Kd3 Bc4+ 34. Ke4 f5+ 35. Kf3 Kf6 36. Rb2 Bd5+ 37. Ke2 c4 38. Rb4 Ra5 39. a4 Ke6 40. Rb5 Ra6 41. a5 d3+ 42. Kd2 Ke5 43. Kc3 Ke6 44. Re1+ Be4 45. f3 d5 46. Kd4 d2 47. Rd1 Bxf3 48. Rxd2 Kf7 49. Ra2 g5 50. Rb6 Ra8 51. a6 c3 52. Kxc3 h4 53. gxh4 gxh4 54. a7 h3 55. Kd4 h2 56. Rb7+ Kg6 57. Rxh2 f4 58. Ra2 Be4 59. Rb8 Rxa7 60. Rxa7 f3 61. Rg8+ Kf5 62. Rf8+ Kg4 63. Ke3 Kg3 64. Rg7+ Kh2 65. Rh8+ 1-0


[Site "https://www.chess.com"]

[Event "Titled Tuesday Blitz June 13 Late 2023"]
[White "Przybylski, Wojciech"]
[Black "Fiorito, Joaquin"]
[WhiteFideId "1117599"]
[BlackFideId "180173"]
[WhiteElo "2228"]
[BlackElo "2199"]
[Result "0-1"]
[Round "3"]
[TimeControl "180+2"]
[Date "2023.06.13"]
[WhiteClock "0:00:00"]
[BlackClock "0:00:21"]
[Board "94"]

1. e4 c5 2. Nf3 d6 3. Bb5+ Nd7 4. Ba4 a6 5. c3 Nf6 6. Qe2 b5 7. Bc2 e6 8. O-O c4 9. b3 cxb3 10. axb3 Be7 11. d4 Bb7 12. Bg5 O-O 13. h3 Rc8 14. Re1 e5 15. Bd3 Re8 16. d5 Nh5 17. Bxe7 Qxe7 18. g3 g6 19. c4 b4 20. Nbd2 Nc5 21. Bc2 Ng7 22. Nh4 Rcd8 23. Nf1 Bc8 24. Kh2 f5 25. exf5 gxf5 26. Qd2 f4 27. Qxb4 Rf8 28. Qd2 Qg5 29. b4 Nd7 30. Re2 Nf6 31. c5 dxc5 32. bxc5 Nxd5 33. Nf3 Qh6 34. Nh4 Ne3 35. Bb3+ Kh8 36. Qb2 Nxf1+ 37. Rxf1 fxg3+ 38. fxg3 Rxf1 39. Qxe5 Rdf8 40. Kg2 Qc1 41. Qd4 Bb7+ 42. Bd5 Bxd5+ 43. Qxd5 Rg1+ 44. Kh2 Rd1 0-1


[Site "https://www.chess.com"]

[Event "Titled Tuesday Blitz June 13 Late 2023"]
[White "Chernobay, Artem"]
[Black "Bettalli, Francesco"]
[WhiteFideId "4167406"]
[BlackFideId "2816453"]
[WhiteElo "2474"]
[BlackElo "2216"]
[Result "1-0"]
[Round "3"]
[TimeControl "180+2"]
[Date "2023.06.13"]
[WhiteClock "0:00:16"]
[BlackClock "0:00:00"]
[Board "95"]

1. d4 f5 2. Nf3 g6 3. g3 Bg7 4. Bg2 d6 5. O-O Nf6 6. c4 O-O 7. Nc3 c6 8. Re1 Qe8 9. e4 fxe4 10. Nxe4 Nxe4 11. Rxe4 e5 12. dxe5 dxe5 13. Re1 Bg4 14. h3 Bxf3 15. Bxf3 Qf7 16. Kg2 Nd7 17. Be3 Rad8 18. Be2 e4 19. Qc2 Nf6 20. Rad1 Qe7 21. a3 b6 22. b4 Rxd1 23. Rxd1 Rd8 24. Rxd8+ Qxd8 25. c5 b5 26. a4 a6 27. axb5 axb5 28. Qa2+ Nd5 29. Bg4 Kh8 30. Bd2 Qe8 31. Qb3 h5 32. Be2 Bd4 33. Bxb5 e3 34. fxe3 Qe4+ 35. Kh2 cxb5 36. exd4 Qe2+ 37. Kh1 Qf1+ 38. Kh2 Qf2+ 39. Kh1 Qf1+ 40. Kh2 Qe2+ 41. Kg1 Nf6 42. Qe3 Qd1+ 43. Qe1 Qf3 44. Qe5 Qd1+ 45. Be1 Kg7 46. Kg2 1-0


[Site "https://www.chess.com"]

[Event "Titled Tuesday Blitz June 13 Late 2023"]
[White "Dudzinski, Pawel"]
[Black "Silva, Caio Henrique Angelico"]
[WhiteFideId "1117890"]
[BlackFideId "22777210"]
[WhiteElo "2099"]
[BlackElo "2096"]
[Result "1-0"]
[Round "3"]
[TimeControl "180+2"]
[Date "2023.06.13"]
[WhiteClock "0:00:11"]
[BlackClock "0:00:02"]
[Board "96"]

1. e4 c6 2. d4 d5 3. exd5 cxd5 4. Bd3 Nc6 5. c3 Nf6 6. h3 g6 7. Nf3 Bf5 8. O-O Qc7 9. Re1 Bxd3 10. Qxd3 e6 11. Ne5 Nxe5 12. dxe5 Nd7 13. f4 Bg7 14. Be3 O-O 15. Nd2 a6 16. Nb3 b5 17. Nd4 Nc5 18. Qe2 Rab8 19. a3 Ne4 20. Kh2 Qd7 21. Nf3 a5 22. Nd2 Nxd2 23. Qxd2 Rfc8 24. Bd4 Bf8 25. Qe3 b4 26. axb4 axb4 27. Ra7 Rb7 28. Rea1 bxc3 29. bxc3 Rcb8 30. Rxb7 Qxb7 31. Ra7 Qc6 32. g4 Qc4 33. Kg3 Rb2 34. f5 exf5 35. e6 f4+ 36. Qxf4 Qd3+ 37. Kh4 f5 38. e7 Bxe7+ 39. Rxe7 Rh2 40. Qb8# 1-0


[Site "https://www.chess.com"]

[Event "Titled Tuesday Blitz June 13 Late 2023"]
[White "Seemann, Jakub"]
[Black "Papayan, Oleg"]
[WhiteFideId "21874697"]
[BlackFideId "4193911"]
[WhiteElo "2364"]
[BlackElo "2167"]
[Result "1-0"]
[Round "3"]
[TimeControl "180+2"]
[Date "2023.06.13"]
[WhiteClock "0:02:09"]
[BlackClock "0:00:01"]
[Board "97"]

1. c4 e5 2. Nc3 Nf6 3. e3 Nc6 4. g4 h6 5. Bg2 Bb4 6. h3 Bxc3 7. bxc3 d6 8. d3 O-O 9. Ne2 Be6 10. Ng3 d5 11. cxd5 Bxd5 12. e4 Be6 13. O-O Qd7 14. f4 exf4 15. Bxf4 Nh7 16. d4 Bc4 17. Rf2 Rfe8 18. Nf5 Ng5 19. Qc2 Ne7 20. h4 Ne6 21. Be3 Nxf5 22. gxf5 Nf8 23. Kh2 Nh7 24. Rg1 Kh8 25. Bf3 f6 26. Rfg2 Qd6+ 27. Kh3 Re7 28. Qf2 b6 29. e5 fxe5 30. Bxa8 Bd3 31. Rg6 Qd7 32. Kh2 Bxf5 33. Bc6 Qc8 34. R6g2 e4 35. Qf4 Nf6 36. Rxg7 Rxg7 37. Qxh6+ Rh7 38. Qxf6+ Rg7 39. Qxg7# 1-0


[Site "https://www.chess.com"]

[Event "Titled Tuesday Blitz June 13 Late 2023"]
[White "Balla, Tamas-Kristof"]
[Black "Fiorito, Francisco"]
[WhiteFideId "1208497"]
[BlackFideId "180165"]
[WhiteElo "2334"]
[BlackElo "2319"]
[Result "0-1"]
[Round "3"]
[TimeControl "180+2"]
[Date "2023.06.13"]
[WhiteClock "0:00:06"]
[BlackClock "0:00:06"]
[Board "98"]

1. e4 c5 2. Nf3 Nc6 3. c3 Nf6 4. e5 Nd5 5. d4 cxd4 6. cxd4 d6 7. Bc4 Nb6 8. Bb5 dxe5 9. Nxe5 Bd7 10. Nxd7 Qxd7 11. Nc3 e6 12. O-O Rd8 13. Be3 Be7 14. Qg4 O-O 15. Rad1 f5 16. Qf3 f4 17. Bc1 Nxd4 18. Qe4 Qd6 19. Bd3 g6 20. Rfe1 Qc6 21. Bxf4 Bc5 22. Be5 Qxe4 23. Nxe4 Be7 24. a4 Nc6 25. Bg3 Nxa4 26. Bc4 Nxb2 27. Bxe6+ Kg7 28. Rb1 Nd3 29. Rf1 b6 30. Ra1 a5 31. Rab1 Bb4 32. Bg4 Nd4 33. Ng5 h6 34. Nf3 Ne2+ 35. Kh1 Nxg3+ 36. hxg3 h5 37. Bh3 Bc5 38. Ng5 Nxf2+ 39. Kh2 Kh6 40. Ne6 Rde8 41. Nxf8 Rxf8 42. Be6 Kg5 43. Bc4 Rd8 44. Rbe1 Ng4+ 45. Kh1 Rd4 46. Be6 Rb4 47. Bxg4 Rxg4 48. Re5+ Kh6 49. Re6 Rxg3 50. Rc6 Rg4 51. Kh2 a4 52. Ra1 a3 53. Re6 Rh4+ 54. Kg3 Rb4 55. Re2 Rb3+ 56. Kh2 h4 57. Re4 g5 58. Rd1 Kh5 59. Rd7 a2 60. Ra7 Ra3 61. Rh7+ Kg6 62. Rhe7 Bxe7 63. Rxe7 a1=Q 64. Re6+ Qf6 0-1


[Site "https://www.chess.com"]